 Dungeon Sprint DCSS version 0.28.0-45-g0d030f2227 (webtiles) character file.

Game seed: 2716685276080388887

10735 Groucho the Imperceptible (level 11, -3/58 HPs)
             Began as a Spriggan Enchanter on Apr 16, 2022.
             Was the Champion of Dithmenos.
             Slain by a golden dragon (17 damage)
             ... in the Dungeon (Sprint I: "Red Sonja").
             The game lasted 00:08:51 (1905 turns).

Groucho the Imperceptible (Spriggan Enchanter)      Turns: 1905, Time: 00:08:51

Health: -3/58      AC:  2    Str:  4    XL:     11   Next: 40%
Magic:  27/29      EV: 30    Int: 18    God:    Dithmenos [******]
Gold:   1457       SH:  0    Dex: 19    Spells: 25/36 levels left

rFire   + + +      SeeInvis +   a - +1 dagger
rCold   . . .      Faith    .   (no shield)
rNeg    . . .      Spirit   .   b - +0 robe
rPois   .          Reflect  .   (helmet restricted)
rElec   +          Harm     .   (no cloak)
rCorr   .          Rampage  .   (gloves unavailable)
Will    +....      NoTele   +   (boots unavailable) Stlth *******+++
                                q - amulet "Todwolam" {Acrobat rElec rF++}
HPRegen 0.19/turn               p - ring of protection from fire
MPRegen 0.21/turn               (no ring)

@: confusing by touch, wreathed by umbra, very quick
A: very small, no large weapons, unfitting armour, see invisible, speed 3
a: Renounce Religion, Shadow Step, Shadow Form


You were in the Dungeon.
You worshipped Dithmenos.
Dithmenos was exalted by your worship.
You visited 1 branch You collected 2620 gold pieces.
You spent 1163 gold pieces at shops.

Inventory:

Hand Weapons
 a - a +1 dagger (weapon)
Missiles
 j - 5 poisoned darts (quivered)
 l - 4 datura-tipped darts
 s - 4 curare-tipped darts
Armour
 b - a +0 robe (worn)
Jewellery
 o - a ring of flight
 p - a ring of protection from fire (left hand)
 q - the amulet "Todwolam" (around neck) {Acrobat rElec rF++}
   (You bought it in a shop in the Dungeon)

   [amulet of the acrobat]

   It increases your evasion while moving and waiting.
   rF:        It greatly protects you from fire.
   rElec:     It insulates you from electricity.
Wands
 h - a wand of flame (15)
Scrolls
 m - a scroll of summoning {unknown}
 n - a scroll of torment {unknown}
 r - a scroll of identify {unknown}
Potions
 c - a potion of invisibility
 d - a potion of curing
 e - 2 potions of heal wounds
 f - 3 potions of haste
 g - 2 potions of magic
 i - a potion of attraction {unknown}
 k - a potion of flight {unknown}


   Skills:
 + Level 6.9 Fighting
 * Level 13.0 Short Blades
 * Level 15.4 Dodging
 * Level 23.1 Stealth
 + Level 13.3 Spellcasting
 + Level 1.2 Conjurations
 - Level 14.0 Hexes


You had 25 spell levels left.
You knew the following spells:

 Your Spells              Type           Power      Damage    Failure   Level
a - Ensorcelled Hibernat  Hex/Ice        74%        N/A       1%          2
b - Confusing Touch       Hex            58%        N/A       1%          3
c - Dazzling Flash        Conj/Hex       78%        N/A       1%          3
d - Tukima's Dance        Hex            58%        N/A       1%          3

Your spell library contained the following spells:

 Spells                   Type           Power      Damage    Failure   Level
 Inner Flame              Hex/Fire       37%        N/A       1%          3
 Foxfire                  Conj/Fire      56%        2x1d6     4%          1
 Conjure Flame            Conj/Fire      14%        6-21      13%         3
 Flame Wave               Conj/Fire      14%        2d6       41%         4


Dungeon Overview and Level Annotations

Branches:
Dungeon (1/1)

Altars:
Cheibriados
Dithmenos
Elyvilon
Fedhas
Gozag
Hepliaklqana
Kikubaaqudgha
Makhleb
Nemelex Xobeh
Okawaru
Qazlal
Ru
Sif Muna
Trog
Uskayaw
Vehumet
Wu Jian
Xom
Yredelemnul
Zin
The Shining One
Jiyva
Lugonu

Shops:
D :**(*[(:===(?![[*


Innate Abilities, Weirdness & Mutations

You are very small and have problems with some larger weapons.
You are too small for most types of armour.
You have supernaturally acute eyesight. (SInv)
You cover ground extremely quickly. (Speed+++)


Message History

You kill the shadow dragon!
Dithmenos accepts your kill.
Your Short Blades skill increases to level 13!
Your Stealth skill increases to level 23!
Your Conjurations skill increases to level 1!
Casting: Ensorcelled Hibernation (safe; 1% risk of failure)
Confirm with . or Enter, or press ? or * to list all spells.
Your hands begin to glow red.
The golden dragon completely misses you.
The golden dragon closely misses you. x2
You hit the golden dragon but do no damage.
You hit the golden dragon but do no damage.
You punch the golden dragon, but do no damage.
The golden dragon bites you. The golden dragon misses you.
The golden dragon tramples you!!
You stumble backwards!
You hit the golden dragon but do no damage.
Your shadow hits the golden dragon but does no damage.
You hit the golden dragon but do no damage.
The golden dragon bites you. The golden dragon barely misses you.
The golden dragon tramples you!
* * * LOW HITPOINT WARNING * * *
You emit a cloud of dark smoke.
You stumble backwards!
You hit the golden dragon but do no damage.
Your shadow hits the golden dragon but does no damage.
The golden dragon breathes poison at you.
The blast of poison misses you.
You are engulfed in poison gas.
You are poisoned.
* * * LOW HITPOINT WARNING * * *
x2 You feel sick.
* * * LOW HITPOINT WARNING * * *
You feel sick.
You feel better. The golden dragon bites you.
* * * LOW HITPOINT WARNING * * *
The golden dragon misses you.
The golden dragon completely misses you.
You feel much better. The golden dragon bites you!
* * * LOW HITPOINT WARNING * * *
The golden dragon misses you. The golden dragon tramples you!
You die...

..##.§'..#.§§.##
§#######+#§§§§§#
+# #§.§§§#
##§.§.# ###+##
#)####+#
##'#.§§○##
##§§§○D☼§§##
#..§§§@§§.§#
#.§.§§§.§.§#
#..§.§.:.§...#
#...§.)......#
##....§.....##
#$$$$$$$$$$#
##$$$$$$$$##
##)[="$!##
########


You could see a golden dragon (catching breath).

Vanquished Creatures
  A shadow dragon (D)
  A hydra (D)
  2 centaur warriors (D)
  Sonja (D)
  A deep troll (D)
  A lindwurm (D)
  An oklob plant (D)
  2 kobold demonologists (D)
  2 unseen horrors (D)
  4 demonic crawlers (D)
  A hornet (D)
  A slime creature (D)
  A yak (D)
  Sigmund (D)
  13 hogs (D)
  2 redbacks (D)
  3 floating eyes (D)
  An ogre (D)
  7 necrophages (D)
  8 jellies (D)
  Ijyb (D)
55 creatures vanquished.

Notes
Turn   | Place    | Note
-------+----------+-------------------------------------------
     0 | D        | Groucho the Spriggan Enchanter began the quest for the Orb.
     0 | D        | Reached XP level 1. HP: 9/9 MP: 5/5
     2 | D        | Noticed Ijyb
    12 | D        | Killed Ijyb
    13 | D        | Reached skill level 7 in Stealth
    13 | D        | Reached XP level 2. HP: 13/13 MP: 6/8
    56 | D        | Learned a level 2 spell: Ensorcelled Hibernation
    57 | D        | Noticed an ogre
    63 | D        | Killed an ogre
    64 | D        | Reached skill level 11 in Stealth
    64 | D        | Reached XP level 3. HP: 16/16 MP: 6/11
    64 | D        | Reached XP level 4. HP: 21/21 MP: 7/13
   115 | D        | Noticed Sigmund
   118 | D        | Killed Sigmund
   119 | D        | Reached skill level 13 in Stealth
   119 | D        | Reached XP level 5. HP: 24/24 MP: 14/16
   131 | D        | Found an ornate altar of the Wu Jian Council.
   131 | D        | Found a shimmering blue altar of Sif Muna.
   133 | D        | Found a radiant altar of Vehumet.
   138 | D        | Reached skill level 14 in Stealth
   138 | D        | Reached XP level 6. HP: 28/28 MP: 18/18
   173 | D        | Found Imokoh's General Store.
   173 | D        | Found an ancient bone altar of Kikubaaqudgha.
   173 | D        | Found a hazy altar of Hepliaklqana.
   173 | D        | Found a stormy altar of Qazlal.
   173 | D        | Found a hide-covered altar of Uskayaw.
   173 | D        | Found a blossoming altar of Fedhas.
   173 | D        | Found a bloodstained altar of Trog.
   173 | D        | Found an iron altar of Okawaru.
   173 | D        | Found a basalt altar of Yredelemnul.
   173 | D        | Found a glowing golden altar of the Shining One.
   173 | D        | Found a snail-covered altar of Cheibriados.
   173 | D        | Found a sacrificial altar of Ru.
   173 | D        | Found a glowing silver altar of Zin.
   173 | D        | Found a shadowy altar of Dithmenos.
   173 | D        | Found a white marble altar of Elyvilon.
   173 | D        | Noticed a yak
   174 | D        | Found an opulent altar of Gozag.
   175 | D        | Killed a yak
   176 | D        | Reached skill level 15 in Stealth
   176 | D        | Found a sparkling altar of Nemelex Xobeh.
   190 | D        | Noticed a centaur warrior
   191 | D        | Noticed a centaur warrior
   192 | D        | Killed a centaur warrior
   193 | D        | Reached skill level 5 in Short Blades
   193 | D        | Reached skill level 17 in Stealth
   193 | D        | Reached skill level 10 in Hexes
   193 | D        | Reached XP level 7. HP: 35/35 MP: 21/21
   193 | D        | Reached XP level 8. HP: 39/39 MP: 22/22
   193 | D        | Killed a centaur warrior
   194 | D        | Reached skill level 18 in Stealth
   194 | D        | Reached skill level 10 in Spellcasting
   204 | D        | Noticed a hornet
   207 | D        | Killed a hornet
   218 | D        | Noticed an oklob plant
   220 | D        | Killed an oklob plant
   221 | D        | Reached XP level 9. HP: 45/45 MP: 24/24
   248 | D        | Became a worshipper of Dithmenos the Shadowed
   283 | D        | Reached skill level 19 in Stealth
   288 | D        | Reached * piety under Dithmenos
   289 | D        | Reached skill level 10 in Dodging
   309 | D        | Noticed an unseen horror
   310 | D        | Noticed an unseen horror
   316 | D        | Killed an unseen horror
   321 | D        | Learned a level 3 spell: Confusing Touch
   325 | D        | Learned a level 3 spell: Dazzling Flash
   329 | D        | Learned a level 3 spell: Tukima's Dance
   335 | D        | Killed an unseen horror
   340 | D        | Reached ** piety under Dithmenos
   346 | D        | Reached *** piety under Dithmenos
   526 | D        | Reached **** piety under Dithmenos
   546 | D        | Reached skill level 20 in Stealth
   546 | D        | Reached XP level 10. HP: 51/51 MP: 20/26
   565 | D        | Found Nuenetze's Weapon Shoppe.
   565 | D        | Found Jempemel's Assorted Antiques.
   565 | D        | Found Komym's Assorted Antiques.
   567 | D        | Found Varr's Armour Emporium.
   567 | D        | Found Qataess's Antique Weapon Shop.
   567 | D        | Found Mara's Book Shoppe.
   567 | D        | Found Tocoom's Jewellery Boutique.
   567 | D        | Found Disogucs's Jewellery Emporium.
   567 | D        | Found Boilot's Jewellery Shop.
   567 | D        | Found Wenus's Weapon Shoppe.
   571 | D        | Found Rewurisa's Magic Scroll Boutique.
   572 | D        | Found Wyrehes's Antique Armour Emporium.
   572 | D        | Found Qehajoix's Distillery.
   573 | D        | Found Ekhune's General Store.
   575 | D        | Bought a ring of flight for 175 gold pieces
   575 | D        | Bought a ring of protection from fire for 250 gold pieces
   589 | D        | Bought the amulet "Todwolam" {Acrobat rElec rF++} for 738
                  | gold pieces
   637 | D        | Noticed a deep troll
   639 | D        | Killed a deep troll
   639 | D        | Reached ***** piety under Dithmenos
   640 | D        | Reached skill level 5 in Fighting
   651 | D        | Found Nupof's Armour Emporium.
   668 | D        | Noticed Sonja
   676 | D        | Killed Sonja
   677 | D        | Reached skill level 10 in Short Blades
   693 | D        | Found Buety's Book Boutique.
  1001 | D        | Found a burning altar of Makhleb.
  1001 | D        | Found a shimmering altar of Xom.
  1002 | D        | Found a viscous altar of Jiyva.
  1002 | D        | Found a corrupted altar of Lugonu.
  1028 | D        | Reached skill level 21 in Stealth
  1162 | D        | Reached ****** piety under Dithmenos
  1179 | D        | Noticed a lindwurm
  1181 | D        | Killed a lindwurm
  1202 | D        | Reached skill level 22 in Stealth
  1202 | D        | Reached XP level 11. HP: 56/56 MP: 25/28
  1721 | D        | Noticed a 12-headed hydra
  1723 | D        | Killed a 12-headed hydra
  1724 | D        | Reached skill level 15 in Dodging
  1787 | D        | Noticed a shadow dragon
  1788 | D        | Noticed a golden dragon
  1894 | D        | Killed a shadow dragon
  1895 | D        | Reached skill level 23 in Stealth
  1895 | D        | Reached skill level 1 in Conjurations
  1905 | D        | Slain by a golden dragon

Illustrated notes

Levels and vault maps discovered:
D:        dungeon_sprint_1 [red_sonja_temple_1, red_sonja_temple_small_1]

Skill      XL: |  1  2  3  4  5  6  7  8  9 10 11 |
---------------+----------------------------------+-----
Stealth        | 7 11 13 14 17 18 20 22 23 | 23.1
Spellcasting   | 4 6 7 8 9 10 11 12 13 | 13.3
Hexes          | 4 6 8 10 12 13 14 | 14.0
Fighting       | 2 3 4 6 |  6.9
Short Blades   | 5 7 9 11 13 | 13.0
Dodging        | 6 9 11 14 15 | 15.4
Conjurations   | 1 |  1.2

Action                   |  1- 3 |  4- 6 |  7- 9 | 10-12 || total
-------------------------+-------+-------+-------+-------++-------
Melee: Dagger            |     9 |     4 |    42 |    61 ||   116
       Punch             |       |       |       |     2 ||     2
 Cast: Ensorcelled Hiber |     1 |       |     2 |    19 ||    22
       Confusing Touch   |       |       |     4 |     3 ||     7
  Use: Potion            |     1 |       |       |     2 ||     3
       Scroll            |       |     1 |       |       ||     1
 Stab: Sleeping          |     3 |     4 |    18 |    24 ||    49
       Confused          |       |       |     4 |     2 ||     6
Dodge: Dodged            |     4 |       |    17 |    51 ||    72
